Map: Cyber Forest LE

Players

PsYkO

  • Race: Terran Terran
  • League: Diamond
  • Spawn Location: 11:00

ellie - Winner!

  • Race: Protoss Protoss
  • Spawn Location: 5:00

VOD

Have the link to the VOD?

Description

Time

  • Played on: July 3, 2019, 1 a.m.
  • Length: 3:20
Show
View Real Time Build Order
Export as new Build Order

PsYkO Terran 

Build Orders: Gas First Reaper Expand 

Get SALT Encoding   

  12  0:00  SCV  
  13  0:13  SCV  
  14  0:17  Supply Depot  
  14  0:25  SCV  
  14  0:27  Refinery  
  15  0:39  SCV  
  16  0:45  Barracks  
  16  0:51  SCV  
  17  1:03  SCV  
  18  1:15  SCV  
  19  1:32  Reaper, Orbital Command  
  20  1:50  Command Center  
  20  1:59  SCV  
  21  2:03  Factory  
  21  2:06  Barracks Reactor  
  21  2:16  Bunker  
  21  2:21  SCV  
  22  2:25  Supply Depot  
  22  2:34  SCV  
  23  2:38  Refinery  
  23  2:46  SCV  
  23  2:47  Marine x2  
  25  2:54  Factory Tech Lab  
Show
View Real Time Build Order
Export as new Build Order

ellie Protoss - Winner!

Build Orders:  

Get SALT Encoding   

  12  0:00  Probe  
  13  0:13  Probe  
  14  0:19  Pylon  
  14  0:25  Probe  
  15  0:35  Probe  
  15  0:39  Gateway  
  16  0:43  Probe  
  16  0:49  Assimilator  
  17  0:52  Probe  
  18  1:04  Probe  
  19  1:11  Gateway  
  19  1:16  Probe  
  20  1:26  Zealot  
  20  1:29  Cybernetics Core  
  22  1:40  Pylon  
  22  1:52  Probe  
  23  1:57  Adept x2  
  27  2:14  Shield Battery  
  27  2:30  Stalker  
  28  2:57  Probe  
  29  3:01  Nexus  
Tags
 
Add a new tag
Caveats
  • Supply blocks, unpowered buildings, or Contaminate may cause inaccurate times.
  • Supply counts are checked every 10 seconds.